 Seeded DCSS version 0.30.1-4-g462c640d31 (webtiles) character file.

Game seed: 5 (custom seed)

868 Kazon the Grave Robber (level 7, -1/51 HPs)
             Began as a Demonspawn Necromancer on Sept 11, 2023.
             Was a Follower of Makhleb.
             Slain by Duvessa
             ... wielding a +0 short sword
              (16 damage)
             ... on level 6 of the Dungeon on Sept 12, 2023.
             The game lasted 00:25:24 (3528 turns).

Kazon the Grave Robber (Demonspawn Necromancer)     Turns: 3528, Time: 00:25:25

Health: -1/51      AC:  4    Str: 10    XL:     7   Next: 73%
Magic:  22/22      EV: 12    Int: 17    God:    Makhleb [*.....]
Gold:   220        SH:  0    Dex: 19    Spells: 6/14 levels left

rFire   . . .        l - +0 hand axe
rCold   . . .        (no shield)
rNeg    . . .        d - +0 leather armour
rPois   .            (helmet unavailable)
rElec   .            (no cloak)
rCorr   .            (no gloves)
SInv    +            (no boots)
Will    .....        (no amulet)
Stlth   ++           c - ring of magical power
HPRegen 0.28/turn    w - +6 ring of dexterity
MPRegen 0.18/turn

%: no passive effects
@: no status effects
A: antennae 3, rugged brown scales 1, powered by death 1
a: Renounce Religion


You were on level 6 of the Dungeon.
You worshipped Makhleb.
Makhleb was aware of your devotion.
You visited 2 branches of the dungeon, and saw 7 of its levels.

You collected 220 gold pieces.

Inventory:

Hand Weapons
 e - a +2 vampiric dagger
 l - a +0 hand axe (weapon)
Missiles
 f - 20 stones
 g - 2 poisoned darts
 k - 3 boomerangs
Armour
 d - a +0 leather armour (worn)
 r - the +0 hat of Vexation {rElec Regen+ Dex-2}
   (You acquired it on level 1 of the Dungeon)

   Dex:       It affects your dexterity (-2).
   rElec:     It insulates you from electricity.
   Regen:     It increases your rate of health regeneration.
Jewellery
 c - a ring of magical power (left hand)
 w - a +6 ring of dexterity (right hand)
Wands
 y - a wand of paralysis (3) (quivered)
Scrolls
 a - a scroll of torment {unknown}
 h - a scroll of fog {unknown}
 m - a scroll of blinking {unknown}
 n - a scroll of teleportation
 o - a scroll of summoning {unknown}
 p - 2 scrolls of identify {unknown}
 q - 2 scrolls of magic mapping {unknown}
 x - a scroll of amnesia {unknown}
 C - a scroll of poison {unknown}
Potions
 b - 2 potions of magic
 i - a potion of resistance {unknown}
 j - 3 potions of curing {unknown}
 s - 2 potions of invisibility {unknown}
 t - 3 potions of flight {unknown}
 u - a potion of berserk rage {unknown}
 v - 2 potions of heal wounds {unknown}
 z - a potion of lignification {unknown}
 B - a potion of attraction {unknown}


   Skills:
 * Level 2.1 Fighting
 + Level 0.4 Short Blades
 + Level 1.8 Axes
 * Level 2.6 Throwing
 + Level 1.7 Armour
 * Level 2.8 Dodging
 + Level 2.2 Stealth
 + Level 4.1 Spellcasting
 + Level 6.0 Necromancy
 * Level 3.0 Invocations
 * Level 1.3 Evocations


You had 6 spell levels left.
You knew the following spells:

 Your Spells              Type           Power      Damage    Failure   Level
a - Necrotise             Necr           96%        1d8       1%          1
b - Vampiric Draining     Necr           24%        2d7       4%          3
c - Animate Dead          Necr           24%        N/A       17%         4

Your spell library contained the following spells:

 Spells                   Type           Power      Damage    Failure   Level
 Agony                    Necr           24%        N/A       43%         5
 Frozen Ramparts          Ice            6%         1d1       52%         3
 Ice Form                 Ice/Tmut       3%         N/A       90%         4
 Summon Ice Beast         Ice/Summ       3%         N/A       90%         4


Dungeon Overview and Level Annotations

Branches:
Dungeon (6/15)             Temple (1/1) D:4

Altars:
Dithmenos
Fedhas
Gozag
Hepliaklqana
Makhleb
Okawaru
Qazlal
Ru
Wu Jian

Annotations:
D:6 Duvessa


Innate Abilities, Weirdness & Mutations

You have a pair of large antennae on your head. (SInv)
You are partially covered in rugged brown scales. (AC +1, +3% HP)
You regenerate a little health from kills.


Message History

Press: ? - help, Q - select action, (/) - cycle Shift-Dir - straight line, f/p - Duvessa
Aim: Duvessa, wielding a +0 short sword and wearing a +0 leather armour (berserk, chance to affect: 34%) Duvessa suddenly stops moving!
Unknown command.
The helpless Duvessa fails to defend herself.
You hit Duvessa.
Duvessa is lightly wounded.
The helpless Duvessa fails to defend herself.
You hit Duvessa.
Duvessa is lightly wounded.
The helpless Duvessa fails to defend herself.
You hit Duvessa.
Duvessa is lightly wounded.
The helpless Duvessa fails to defend herself.
You hit Duvessa.
Duvessa is lightly wounded.
The helpless Duvessa fails to defend herself.
You hit Duvessa but do no damage.
Duvessa is lightly wounded.
Duvessa is no longer paralysed.
Duvessa hits you with a +0 short sword!
* * * LOW HITPOINT WARNING * * *
Duvessa barely misses you.
You hit Duvessa but do no damage.
Duvessa is lightly wounded.
Duvessa barely misses you. Duvessa hits you but does no damage.
You closely miss Duvessa.
Duvessa is lightly wounded.
Duvessa misses you. Duvessa closely misses you.
You hit Duvessa but do no damage.
Duvessa is lightly wounded.
Duvessa hits you but does no damage. Duvessa closely misses you.
You closely miss Duvessa.
Duvessa is lightly wounded.
Duvessa hits you but does no damage.
Aiming: Paralyse
Press: ? - help, Q - select action, (/) - cycle Shift-Dir - straight line, f/p - Duvessa
Aim: Duvessa, wielding a +0 short sword and wearing a +0 leather armour (lightly wounded, berserk, chance to affect: 34%) Duvessa easily resists.
Duvessa barely misses you. Duvessa hits you with a +0 short sword!
You die...

### ##### ###
#.# #..<#
#...###.###.###
#..[......#
#....@#####
##...e#
........#
........#
.......##
....... #+#..(.
#.((.


You could see Duvessa (berserk).

Vanquished Creatures
  Sigmund (D:4)
  A black bear (D:4)
  An ogre (D:5)
  A scorpion (D:4)
  Dowan (D:6)
  3 hounds (D:5)
  A jelly (D:5)
  4 iguanas
  4 gnolls (D:5)
  8 adders
  An ufetubus (D:4)
  2 worms
  6 orcs
  4 bats
  9 endoplasms
  A giant cockroach (D:1)
  11 goblins
  7 hobgoblins
  11 jackals
  3 kobolds
  3 quokkas (D:4)
  6 ball pythons
  3 frilled lizards
  4 rats
96 creatures vanquished.

Vanquished Creatures (collateral kills)
  A worm (D:2)
  A goblin (D:2)
2 creatures vanquished.

Grand Total: 98 creatures vanquished

Notes
Turn   | Place    | Note
-------+----------+-------------------------------------------
     0 | D:1      | Kazon the Demonspawn Necromancer began the quest for the
                  | Orb.
     0 | D:1      | Reached XP level 1. HP: 13/13 MP: 3/3
   154 | D:1      | Gained mutation: You have a pair of small antennae on your
                  | head. [demonic ancestry]
   154 | D:1      | Reached XP level 2. HP: 8/19 MP: 0/5
   184 | D:1      | Identified a scroll of acquirement
   184 | D:1      | Acquired the +0 hat of Vexation {rElec Regen+ Dex-2}
   306 | D:1      | Reached skill level 5 in Necromancy
   748 | D:1      | Gained mutation: You are partially covered in rugged brown
                  | scales. (AC +1, +3% HP) [demonic ancestry]
   748 | D:1      | Reached XP level 3. HP: 19/24 MP: 6/6
  1120 | D:2      | Learned a level 3 spell: Vampiric Draining
  1206 | D:2      | Reached XP level 4. HP: 27/30 MP: 3/7
  1770 | D:3      | Found a blossoming altar of Fedhas.
  1806 | D:3      | Reached skill level 1 in Axes
  1915 | D:3      | Found a stormy altar of Qazlal.
  1980 | D:3      | Found a faded altar of an unknown god.
  2180 | D:3      | Identified the +2 sling "Qeuhanocyt" {speed, rElec Str-3
                  | Dex+2}
  2224 | D:4      | Found a staircase to the Ecumenical Temple.
  2249 | Temple   | Entered the Ecumenical Temple
  2268 | Temple   | Became a worshipper of Makhleb the Destroyer
  2352 | D:4      | Gained mutation: You regenerate a little health from kills.
                  | [demonic ancestry]
  2352 | D:4      | Reached XP level 5. HP: 28/37 MP: 9/9
  2568 | D:4      | Reached skill level 1 in Fighting
  2568 | D:4      | Reached skill level 1 in Armour
  2568 | D:4      | Reached skill level 1 in Invocations
  2643 | D:4      | Noticed Sigmund
  2654 | D:4      | Killed Sigmund
  2655 | D:4      | Reached skill level 1 in Throwing
  2655 | D:4      | Gained mutation: You have a pair of antennae on your head.
                  | [demonic ancestry]
  2655 | D:4      | Reached XP level 6. HP: 30/44 MP: 10/10
  2723 | D:4      | Found a hazy altar of Hepliaklqana.
  2725 | D:4      | Found a shadowy altar of Dithmenos.
  2725 | D:4      | Noticed a shadow
  2963 | D:5      | Entered Level 5 of the Dungeon
  3023 | D:5      | Gained mutation: You have a pair of large antennae on your
                  | head. (SInv) [demonic ancestry]
  3023 | D:5      | Reached XP level 7. HP: 44/50 MP: 12/12
  3207 | D:5      | Learned a level 4 spell: Animate Dead
  3321 | D:5      | Reached skill level 1 in Evocations
  3336 | D:5      | Reached * piety under Makhleb
  3337 | D:5      | Reached skill level 6 in Necromancy
  3507 | D:6      | Noticed Dowan
  3509 | D:6      | Noticed Duvessa
  3514 | D:6      | Killed Dowan
  3528 | D:6      | Slain by Duvessa

Illustrated notes

Levels and vault maps discovered:
D:1:      ebering_trefoil_3fold, layout_basic, st_stairs_14, serial_bayou_ford_a
D:2:      layout_basic, hangedman_decor_growths, minmay_close_crescents
D:3:      layout_rooms, mainiacjoe_overflow_concentric_impassable,
          mainiacjoe_overflow_paths, shapermc_ecumenical_altar_acropolis,
          chequers_serial_rivers_micro_b
D:4:      layout_basic, riverfiend_overflow_shadow_ancestor,
          minmay_temple_entry_glass, uniq_sigmund
D:5:      layout_gridville
D:6:      layout_basic, xom_teletrap_fun, uniq_duvessa
Temple:   nicolae_temple_elliptical

Skill      XL: |  1  2  3  4  5  6  7 |
---------------+----------------------+-----
Necromancy     | 5 6 |  6.0
Stealth        | 2 |  2.2
Axes           | 1 |  1.8
Dodging        | 2 |  2.8
Fighting       | 1 2 |  2.1
Armour         | 1 |  1.7
Spellcasting   | 3 4 |  4.1
Invocations    | 2 3 |  3.0
Throwing       | 1 2 |  2.6
Evocations     | 1 |  1.3
Short Blades   | |  0.4

Action                     |  1- 3 |  4- 6 |  7- 9 || total
---------------------------+-------+-------+-------++-------
  Melee: Dagger            |    44 |       |       ||    44
         Short sword       |    15 |       |       ||    15
         Hand axe          |    56 |    99 |    53 ||   208
  Throw: Stone             |     1 |     1 |     9 ||    11
         Boomerang         |     3 |       |       ||     3
         Dart              |       |       |     3 ||     3
   Cast: Necrotise         |    44 |    50 |    18 ||   112
         Vampiric Draining |     2 |     7 |    11 ||    20
         Animate Dead      |       |       |     1 ||     1
  Evoke: Wand              |       |       |     5 ||     5
    Use: Scroll            |     2 |     1 |       ||     3
   Stab: Sleeping          |     2 |     2 |     1 ||     5
         Paralysed         |       |       |     5 ||     5
 Armour: Robe              |     3 |       |       ||     3
         Leather armour    |    49 |    28 |    15 ||    92
  Dodge: Dodged            |    85 |    82 |    50 ||   217
